 Dungeon Crawl Stone Soup version 0.27.1-1-g398f81649c (webtiles) character file.

Game seed: 17050377980544242373

2489 nxtlvl the Grappler (level 9, -3/88 HPs)
             Began as a Troll Abyssal Knight on Sept 6, 2021.
             Was a Priest of Lugonu.
             Shot with an arrow by a centaur (5 damage)
             ... on level 8 of the Dungeon.
             The game lasted 00:14:21 (2024 turns).

nxtlvl the Grappler (Troll Abyssal Knight)          Turns: 2024, Time: 00:14:22

Health: -3/88      AC:  4    Str: 22    XL:     9   Next: 27%
Magic:  10/10      EV:  9    Int: 11    God:    Lugonu [***...]
Gold:   174        SH:  5    Dex:  9    Spells: 5/8 levels left

rFire    . . .     SeeInvis .     - Unarmed
rCold    + . .     Faith    .   (no shield)
rNeg     + . .     Spirit   .   a - +0 robe
rPois    .         Reflect  +   (helmet restricted)
rElec    .         Harm     .   (no cloak)
rCorr    .         Rampage  .   (gloves unavailable)
Will     .....                  (boots unavailable)
Stlth    +.........             w - amulet of reflection
HPRegen  1.24/turn              m - ring of positive energy
MPRegen  0.12/turn              t - ring of protection from cold

@: no status effects
A: large, unfitting armour, claws 3, regeneration 1, shaggy fur 1, tough skin 1
a: Renounce Religion, Depart the Abyss, Bend Space, Banish


You were on level 8 of the Dungeon.
You worshipped Lugonu.
Lugonu was most pleased with you.
You visited 1 branch of the dungeon, and saw 8 of its levels.
You visited the Abyss 1 time.

You collected 198 gold pieces.
You spent 24 gold pieces at shops.

Inventory:

Missiles
 h - 3 large rocks (quivered)
 o - 27 poisoned darts
 p - 4 boomerangs of dispersal
 r - a throwing net
Armour
 a - a +0 robe (worn)
Jewellery
 i - an amulet of the acrobat
 m - a ring of positive energy (left claw)
 t - a ring of protection from cold (right claw)
 w - an amulet of reflection (around neck)
Wands
 q - a wand of iceblast (6)
 u - a wand of acid (7)
Scrolls
 b - 2 scrolls of immolation {unknown}
 c - 5 scrolls of teleportation {unknown}
 e - a scroll of blinking {unknown}
 f - a scroll of acquirement {unknown}
 j - a scroll of enchant weapon {unknown}
 n - 2 scrolls of amnesia {unknown}
Potions
 g - 2 potions of brilliance
 k - 2 potions of curing
 l - 2 potions of cancellation
 s - a potion of haste
 v - a potion of heal wounds


   Skills:
 + Level 5.2 Fighting
 - Level 1.9 Dodging
 * Level 10.7 Unarmed Combat
 + Level 3.8 Invocations


You had 5 spell levels left.
You knew the following spells:

 Your Spells              Type           Power      Damage    Failure   Level
a - Beastly Appendage     Tmut           0%         N/A       34%         1
s - Wereblood             Tmut           0%         N/A       47%         2

Your spell library contained the following spells:

 Spells                   Type           Power      Damage    Failure   Level
 Animate Skeleton         Necr           0%         N/A       34%         1
 Pain                     Necr           0%         1d4       34%         1
 Inner Flame              Hex/Fire       0%         N/A       71%         3
 Spider Form              Tmut/Pois      0%         N/A       71%         3
 Vampiric Draining        Necr           0%         2d6       71%         3
 Cause Fear               Hex            0%         N/A       98%         4
 Discord                  Hex            0%         N/A       100%        8


Dungeon Overview and Level Annotations

Branches:
Dungeon (8/15)
 Temple: D:4-7         Lair: D:8-11

Altars:
Cheibriados
Elyvilon
Hepliaklqana
The Shining One

Shops:
D:7 **


Innate Abilities, Weirdness & Mutations

You are too large for most types of armour.
You have claws for hands.
Your natural rate of healing is unusually fast.
You are covered in fur. (AC +1)
You have tough skin. (AC +1)


Message History

The centaur hits you. The centaur barely misses you.
There is an open door here.
You mangle the centaur!!
The centaur is almost dead.
The centaur hits you. The centaur barely misses you.
The kobold brigand throws a poisoned dart.
The poisoned dart barely misses you. The centaur hits you.
You block the centaur's attack.
You barely miss the centaur.
The centaur is almost dead.
Something hits you.
Deactivating autopickup; reactivate with Ctrl-A.
The kobold brigand throws a poisoned dart.
The poisoned dart hits you!
You are poisoned.
The centaur barely misses you. The centaur closely misses you.
You feel sick. Something hits you.
You feel sick. Something hits you but does no damage.
The centaur wields a +0 shortbow.
The centaur shoots an arrow.
You feel sick. Something hits you but does no damage.
You feel sick. Something hits you! Something hits you.
You feel sick. Something hits you!
You feel sick. Something hits you!
* * * LOW HITPOINT WARNING * * *
Okay, then.
You feel sick.
You are no longer poisoned.
Something hits you!
* * * LOW HITPOINT WARNING * * *
The centaur shoots an arrow.
You reflect the arrow off an invisible shield around you!
You miss something. Something hits you.
* * * LOW HITPOINT WARNING * * *
The centaur shoots an arrow.
The arrow hits you!
* * * LOW HITPOINT WARNING * * *
You claw something!
Something hits you but does no damage. x2
You scratch something but do no damage. Something hits you!
* * * LOW HITPOINT WARNING * * *
The centaur shoots an arrow.
The arrow hits you.
You die...

## #.... .# #.... .## ##....
..## ##### #..... ...# ##...##
##...##.... ####
#.....#####.....#.... .#
#....... ......#.... ...#
#.....#####.... #.... .#...##
#..@##...##...##.... #
#...########{##.....##.##..##.
#.....#..#c#.......#.##.## #
###.#....#S'.S.=...#.†..#
#.###..#.#cK.....#.#### #
#.#...##.##.....##.## ##
#.#..##...##...##...## #.
#.#..#.....#####.....# ##.
#.#..#.....†)........###..


You could see a water moccasin and a centaur.

Vanquished Creatures
  Pikel (D:7)
  A hornet (D:8)
  A steam dragon (D:8)
  Duvessa (D:4)
  A water moccasin (D:8)
  An orc warrior (D:8)
  A hornet zombie (D:8)
  A necrophage (D:4)
  A centaur (D:8)
  An ogre (D:6)
  2 lemures (D:7)
  3 bullfrogs (D:8)
  Dowan (D:4)
  A water moccasin skeleton (D:4)
  6 killer bees (D:8)
  3 wights
  A howler monkey (D:4)
  2 hounds (D:7)
  2 jellies
  An orc priest (D:6)
  2 centaur skeletons
  Terence (D:3)
  A killer bee zombie (D:8)
  A howler monkey zombie (D:8)
  An adder (D:3)
  A white imp (D:8)
  A worm (D:2)
  22 orcs
  2 ball pythons (D:3)
  3 endoplasms
  3 giant cockroaches
  5 goblins
  2 hobgoblins
  A quokka (D:3)
  A frilled lizard (D:3)
  3 kobolds
  A rat (D:3)
83 creatures vanquished.

Vanquished Creatures (others)
  An orc (D:8)
1 creature vanquished.

Grand Total: 84 creatures vanquished

Notes
Turn   | Place    | Note
-------+----------+-------------------------------------------
     0 | Abyss:1  | nxtlvl the Troll Abyssal Knight began the quest for the
                  | Orb.
     0 | Abyss:1  | Reached XP level 1. HP: 22/22 MP: 1/1
    31 | Abyss:1  | Found a corrupted altar of Lugonu.
    98 | D:1      | Escaped the Abyss
   178 | D:2      | Found a snail-covered altar of Cheibriados.
   228 | D:2      | Reached XP level 2. HP: 23/29 MP: 2/2
   301 | D:3      | Noticed Terence
   337 | D:3      | Killed Terence
   338 | D:3      | Reached skill level 3 in Unarmed Combat
   338 | D:3      | Reached XP level 3. HP: 32/36 MP: 3/3
   392 | D:3      | Reached skill level 4 in Unarmed Combat
   491 | D:3      | Reached ** piety under Lugonu
   509 | D:3      | Found a snail-covered altar of Cheibriados.
   803 | D:3      | Reached XP level 4. HP: 39/44 MP: 4/4
   807 | D:4      | Noticed a necrophage
   822 | D:4      | Killed a necrophage
   823 | D:4      | Reached skill level 5 in Unarmed Combat
   823 | D:4      | Reached XP level 5. HP: 46/50 MP: 5/5
   846 | D:4      | Noticed Duvessa
   869 | D:4      | Killed Duvessa
   870 | D:4      | Reached skill level 6 in Unarmed Combat
   922 | D:4      | Reached XP level 6. HP: 33/59 MP: 6/6
   936 | D:4      | Reached skill level 7 in Unarmed Combat
   951 | D:4      | Found a white marble altar of Elyvilon.
  1022 | D:4      | Noticed Dowan
  1036 | D:4      | Killed Dowan
  1051 | D:4      | Learned a level 1 spell: Beastly Appendage
  1054 | D:4      | Learned a level 2 spell: Wereblood
  1056 | D:5      | Entered Level 5 of the Dungeon
  1073 | D:5      | Found a glowing golden altar of the Shining One.
  1202 | D:7      | Found Seapneq's General Store.
  1230 | D:7      | Reached XP level 7. HP: 62/66 MP: 7/7
  1249 | D:7      | Found Silan's General Store.
  1257 | D:7      | Noticed Pikel
  1320 | D:7      | Killed Pikel
  1321 | D:7      | Reached skill level 8 in Unarmed Combat
  1321 | D:7      | Reached XP level 8. HP: 40/78 MP: 8/8
  1341 | D:7      | Bought a scroll of identify for 24 gold pieces
  1371 | D:7      | Reached skill level 9 in Unarmed Combat
  1398 | D:6      | Reached *** piety under Lugonu
  1510 | D:8      | Found a hazy altar of Hepliaklqana.
  1861 | D:8      | Reached skill level 10 in Unarmed Combat
  1934 | D:8      | Noticed a hornet
  1945 | D:8      | Killed a hornet
  1946 | D:8      | Reached XP level 9. HP: 87/87 MP: 10/10
  1951 | D:8      | Reached skill level 5 in Fighting
  2024 | D:8      | HP: 2/88 [something (8)]
  2024 | D:8      | Shot with an arrow by a centaur

Illustrated notes

Levels and vault maps discovered:
D:1:      saegor_arrival_under_anarchy, layout_rooms, serial_shops, shop,
          basic_ecumenical_altar
D:2:      layout_loops_ring, basic_altar, serial_park_tiny_pond
D:3:      layout_basic, mainiacjoe_overflow_small_starburst, uniq_terence
D:4:      layout_rooms, old_standard_altar, minmay_temple_entry_butterflies,
          uniq_duvessa
D:5:      layout_basic, tso_oasis_becter, amcnicky_altar_gilded,
          lemuel_coloured_pillars_altar, bh_walls_and_bars
D:6:      layout_rooms
D:7:      layout_basic, serial_shops, nicolae_square_shop,
          nicolae_lakefront_shop, shop, uniq_pikel, uniq_crazy_yiuf_cottage
D:8:      minmay_octagon_keep, layout_layer_cave,
          worldfamousw_hep_ancestral_shrine, nicolae_benzene_ring, uniq_maurice

Skill      XL: |  1  2  3  4  5  6  7  8  9 |
---------------+----------------------------+-----
Unarmed Combat | 3 4 5 6 7 8 10 | 10.7
Fighting       | 3 4 5 |  5.2
Invocations    | 3 |  3.8
Dodging        | |  1.9

Action                   |  1- 3 |  4- 6 |  7- 9 || total
-------------------------+-------+-------+-------++-------
Melee: Unarmed           |    86 |    74 |   162 ||   322
       Punch             |       |     1 |     4 ||     5
  Use: Scroll            |       |       |     5 ||     5
       Potion            |       |       |     2 ||     2
Armor: Robe              |    12 |    12 |    23 ||    47
       Skin              |       |       |    22 ||    22
Dodge: Dodged            |    28 |    36 |    60 ||   124
Block: Other             |       |       |    22 ||    22
       Reflection        |       |       |     1 ||     1
